[Event "10th Beirut Open-ch 2019"]
[Site "Beirut"]
[Date "2019.04.29"]
[Round "4.23"]
[White "Salameh, Sleiman"]
[Black "Jabr, Bernard"]
[Result "1-0"]
[ECO "A25"]
[WhiteElo "1621"]
[BlackElo "1679"]
[PlyCount "94"]
[EventDate "2019.04.25"]
[EventType "swiss"]
[EventRounds "9"]
[EventCountry "LBN"]
[TimeControl "5400+30"]

1. c4 e5 2. Nc3 Nc6 3. g3 f5 4. d3 Nf6 5. Bg2 Bc5 6. Bg5 Bxf2+ 7. Kd2 h6 8. Bxf6 Qxf6 9. Nd5 Qd8 10. e3 O-O 11. Nh3 f4 12. gxf4 Bh4 13. Qh5 d6 14. Rhg1 Be6 15. Qg6 Bf7 16. Qg4 h5 17. Qf5 Ne7 18. Nxe7+ Qxe7 19. Be4 g6 20. Rxg6+ Bxg6 21. Qxg6+ Qg7 22. Qe6+ Kh8 23. Rg1 Qf6 24. f5 c6 25. Rg6 Qxe6 26. Rxe6 Rf6 27. Re7 Rb8 28. Rd7 Kg8 29. b4 a6 30. a4 b5 31. Bxc6 bxa4 32. b5 axb5 33. cxb5 Rxf5 34. Ra7 e4 35. dxe4 Rfxb5 36. Bxb5 Rxb5 37. Rxa4 Rb2+ 38. Kd3 Rxh2 39. Nf4 Bf6 40. Ra5 Be5 41. Ng6 Bg3 42. Rg5 h4 43. Nxh4+ Kf7 44. Nf3 Rg2 45. Nd4 Rg1 46. Ne2 Rd1+ 47. Kc2 Bh4 1-0

[Event "10th Beirut Open-ch 2019"]
[Site "Beirut"]
[Date "2019.04.29"]
[Round "4.24"]
[White "Tarraf, Tarraf"]
[Black "Muhssen, Fared Saleh"]
[Result "1-0"]
[ECO "E09"]
[WhiteElo "1647"]
[BlackElo "1898"]
[PlyCount "87"]
[EventDate "2019.04.25"]
[EventType "swiss"]
[EventRounds "9"]
[EventCountry "LBN"]
[TimeControl "5400+30"]

1. c4 e6 2. g3 d5 3. Bg2 Nf6 4. Nf3 Be7 5. O-O O-O 6. d4 c6 7. Qc2 Nbd7 8. Nbd2 b6 9. e4 Nxe4 10. Nxe4 dxe4 11. Qxe4 Bb7 12. Bf4 Nf6 13. Qe2 c5 14. Rfd1 Qc8 15. d5 Re8 16. Bh3 Bd8 17. Ng5 h6 18. Ne4 Nxe4 19. Qxe4 f5 20. Bxf5 Bf6 21. Bxe6+ Qxe6 22. Qxe6+ Rxe6 23. dxe6 Re8 24. Rd7 Be4 25. Re1 Rxe6 26. f3 Bf5 27. Rxe6 Bxe6 28. Rxa7 Bxb2 29. Rb7 Bxc4 30. Rxb6 Bd4+ 31. Kg2 Bxa2 32. Rd6 Bb1 33. Kf1 Ba2 34. Ke2 Bf6 35. Bxh6 Kf7 36. Bc1 c4 37. Ba3 Bb1 38. Rb6 Bd3+ 39. Kd2 Bf1 40. Bb2 Bg2 41. Bxf6 gxf6 42. Ke2 Bh3 43. g4 f5 44. g5 1-0

[Event "10th Beirut Open-ch 2019"]
[Site "Beirut"]
[Date "2019.04.30"]
[Round "5.4"]
[White "Sursock, Sameer"]
[Black "Cherniaev, Alexander"]
[Result "0-1"]
[ECO "A04"]
[WhiteElo "2048"]
[BlackElo "2401"]
[Annotator "ChessBase"]
[PlyCount "102"]
[EventDate "2019.04.25"]
[EventType "swiss"]
[EventRounds "9"]
[EventCountry "LBN"]
[SourceTitle "playchess.com"]
[Source "ChessBase"]
[SourceQuality "1"]
[TimeControl "5400+30"]

1. Nf3 g6 2. g3 Bg7 3. Bg2 e5 4. d3 d6 5. c4 Ne7 6. Nc3 O-O 7. O-O Nd7 8. Rb1 c6 9. d4 Nf5 10. d5 c5 11. Nd2 Nf6 12. a3 a5 13. Nde4 Nxe4 14. Nxe4 a4 15. e3 Nh6 16. b4 axb3 17. Qxb3 f5 18. Nc3 e4 19. f3 exf3 20. Bxf3 Nf7 21. Nb5 Re8 22. Bg2 Bd7 23. Bd2 Be5 24. a4 h5 25. e4 Bxb5 26. axb5 Bd4+ 27. Kh1 fxe4 28. Bxe4 Rxe4 29. Rxf7 Kxf7 30. Qf3+ Qf6 31. Qxe4 Qf5 32. Qxf5+ gxf5 33. Re1 Be5 34. Bf4 Kf6 35. Kg2 Ra4 36. Rc1 Ra2+ 37. Kh3 Re2 38. Bxe5+ dxe5 39. Ra1 Re4 40. Ra7 Rxc4 41. Rxb7 Rb4 42. b6 c4 43. Rc7 Rxb6 44. Rxc4 Rd6 45. Kh4 e4 46. Kxh5 Rxd5 47. Rc6+ Ke5 48. Kg5 e3 49. Rc8 Ke4 50. Rc1 e2 51. h4 f4+ 0-1

[Event "10th Beirut Open-ch 2019"]
[Site "Beirut"]
[Date "2019.04.30"]
[Round "5.5"]
[White "Eid, Fadi"]
[Black "Moudallal, Tarek"]
[Result "1-0"]
[ECO "B27"]
[WhiteElo "2331"]
[BlackElo "2043"]
[Annotator "NA"]
[PlyCount "53"]
[EventDate "2019.04.25"]
[EventType "swiss"]
[EventRounds "9"]
[EventCountry "LBN"]
[SourceTitle "playchess.com"]
[Source "ChessBase"]
[SourceQuality "1"]
[TimeControl "5400+30"]

1. e4 c5 2. Nf3 g6 3. d4 cxd4 4. Nxd4 Bg7 5. Nc3 Nc6 6. Be3 Nf6 7. Nxc6 bxc6 8. e5 Ng8 9. Bd4 Qc7 10. e6 Nf6 11. exd7+ Bxd7 12. Bc4 O-O 13. Qe2 Nd5 14. Bxg7 Kxg7 15. Bxd5 cxd5 16. Nxd5 Qc5 17. c4 Bc6 18. Ne3 f5 19. O-O-O Rad8 20. f3 Qe5 21. Rxd8 Rxd8 22. Nxf5+ Qxf5 23. Qxe7+ Qf7 24. Qxd8 Qxc4+ 25. Kb1 Bd5 26. Qa5 a6 27. Qc3+ 1-0

[Event "10th Beirut Open-ch 2019"]
[Site "Beirut"]
[Date "2019.04.30"]
[Round "5.6"]
[White "Dimitrijevic, Aleksandra"]
[Black "Hassweh, Mwaffaq"]
[Result "1-0"]
[ECO "A06"]
[WhiteElo "2164"]
[BlackElo "1866"]
[Annotator "NA"]
[PlyCount "73"]
[EventDate "2019.04.25"]
[EventType "swiss"]
[EventRounds "9"]
[EventCountry "LBN"]
[SourceTitle "playchess.com"]
[Source "ChessBase"]
[SourceQuality "1"]
[TimeControl "5400+30"]

1. Nf3 d5 2. b3 c5 3. e3 Nc6 4. Bb2 Bg4 5. Be2 Nf6 6. d3 e6 7. Nbd2 Bd6 8. c4 O-O 9. O-O Re8 10. a3 Nd7 11. Rc1 Rc8 12. Re1 Nce5 13. Qc2 Bxf3 14. Nxf3 Nxf3+ 15. Bxf3 Ne5 16. Be2 Qh4 17. h3 d4 18. Bf1 dxe3 19. Rxe3 Qf4 20. g3 Nf3+ 21. Kg2 Nh4+ 22. Kh1 Qg5 23. gxh4 Qxh4 24. Be5 Be7 25. Rg3 f6 26. Bc3 Bd6 27. Rg4 Qh6 28. Qd2 g5 29. f4 Qh5 30. Bxf6 h6 31. fxg5 Kf7 32. Qf2 Rg8 33. Re1 Rg6 34. Be5+ Ke7 35. Bxd6+ Kxd6 36. Qf7 e5 37. Rxe5 {[%emt 0:00:10] Kd5} 1-0

[Event "10th Beirut Open-ch 2019"]
[Site "Beirut"]
[Date "2019.04.30"]
[Round "5.7"]
[White "Raetsky, Alexander"]
[Black "Najjar, Ahmad"]
[Result "1/2-1/2"]
[ECO "B06"]
[WhiteElo "2394"]
[BlackElo "2233"]
[Annotator "NA"]
[PlyCount "119"]
[EventDate "2019.04.25"]
[EventType "swiss"]
[EventRounds "9"]
[EventCountry "LBN"]
[SourceTitle "playchess.com"]
[Source "ChessBase"]
[SourceQuality "1"]
[TimeControl "5400+30"]

1. d4 g6 2. e4 Bg7 3. Nc3 c5 4. dxc5 Bxc3+ 5. bxc3 Qa5 6. Qd4 {B06: Modern Defence} (6. Bd3 Nf6 7. Ne2 Qxc5 8. O-O b6 9. Rb1 Ba6 10. Be3 Qc7 11. f4 d6 {0-1 (43) Saric,I (2669)-Piorun,K (2651) Katowice 2017}) 6... Nf6 7. Qb4 Qxb4 8. cxb4 Nxe4 9. f3 Nf6 10. Bb2 b6 $146 ({Predecessor:} 10... O-O 11. Bc4 Nc6 {1-0 (24) Grover,S (2496)-Petrisor,A (2408) Chennai 2011}) 11. cxb6 axb6 12. a3 O-O 13. O-O-O Nh5 14. Bb5 d6 15. Ne2 Bd7 16. Nd4 Rc8 17. Rhe1 Kf8 18. Kb1 Nf4 19. g3 Bxb5 20. Nxb5 Ne6 21. f4 Rc4 22. f5 gxf5 23. Rd5 f4 24. Rh5 fxg3 25. Rxh7 Rg4 26. hxg3 Nc6 27. Rf1 Ncd8 28. Rf3 Rc8 29. Re3 Rcc4 30. Nc3 Rc7 31. Nd5 Rb7 32. Rf3 Ke8 33. Bf6 Rg8 34. Bh4 Ng5 35. Bxg5 Rxg5 36. c4 b5 37. Re3 Ne6 38. Nf6+ Kf8 39. Ne4 Re5 40. Nc5 Rxe3 41. Nxb7 Rxa3 42. cxb5 Rxg3 43. Rh8+ Kg7 44. Re8 Rb3+ 45. Ka2 Rxb4 46. Rxe7 Ra4+ (46... Kf6 $5 47. Rd7 Nd4 48. Nxd6 Ke6 $15) 47. Kb2 Ra7 48. Rd7 Nd8 49. Rxd8 Rxb7 50. Rxd6 Rxb5+ 51. Kc3 Re5 52. Kd3 f6 53. Ra6 Kg6 54. Ra1 f5 55. Kd2 $2 (55. Rf1 $11) 55... f4 $2 (55... Kg5 $19 56. Rg1+ Kh4 57. Rh1+ Kg3) 56. Re1 Ra5 57. Ke2 Kg5 58. Kf2 $11 Ra2+ 59. Re2 Ra3 60. Re8 1/2-1/2

[Event "10th Beirut Open-ch 2019"]
[Site "Beirut"]
[Date "2019.04.30"]
[Round "5.8"]
[White "El Jawich, Amro"]
[Black "Ivanov, Mikhail M"]
[Result "1-0"]
[ECO "B15"]
[WhiteElo "2238"]
[BlackElo "2372"]
[PlyCount "73"]
[EventDate "2019.04.25"]
[EventType "swiss"]
[EventRounds "9"]
[EventCountry "LBN"]
[TimeControl "5400+30"]

1. e4 c6 2. d4 d5 3. Nc3 dxe4 4. Nxe4 Nf6 5. Nxf6+ exf6 6. c3 Bd6 7. Bd3 O-O 8. Ne2 Re8 9. Qc2 h5 10. Be3 Qc7 11. O-O-O b5 12. h3 h4 13. d5 a6 14. Bh7+ Kh8 15. Rd4 g5 16. Bf5 c5 17. Re4 Rxe4 18. Qxe4 Bxf5 19. Qxf5 Qe7 20. g3 Nd7 21. gxh4 Rg8 22. hxg5 fxg5 23. h4 Kg7 24. hxg5 Kf8 25. g6 Rxg6 26. Rh8+ Kg7 27. Qh3 Nf6 28. Bh6+ Kxh8 29. Bf8+ Kg8 30. Bxe7 Bxe7 31. Qc8+ Kg7 32. Ng3 Nxd5 33. Nf5+ Kf6 34. Nxe7 Kxe7 35. Qb7+ Ke6 36. Qc6+ Ke5 37. Qxc5 1-0

[Event "10th Beirut Open-ch 2019"]
[Site "Beirut"]
[Date "2019.04.30"]
[Round "5.9"]
[White "Eiti, Bashir"]
[Black "Asmar, Elie"]
[Result "1-0"]
[ECO "D02"]
[WhiteElo "2352"]
[BlackElo "2009"]
[PlyCount "63"]
[EventDate "2019.04.25"]
[EventType "swiss"]
[EventRounds "9"]
[EventCountry "LBN"]
[TimeControl "5400+30"]

1. d4 d5 2. Nf3 Nf6 3. Bf4 c5 4. e3 Nc6 5. c3 Qb6 6. Qb3 c4 7. Qxb6 axb6 8. Na3 Bf5 9. Nb5 Ra5 10. Nc7+ Kd7 11. Ne5+ Nxe5 12. dxe5 Kxc7 13. exf6+ Kc6 14. fxe7 Bxe7 15. a3 Bf6 16. Be2 g5 17. Bg3 b5 18. O-O h5 19. f3 h4 20. Bf2 Raa8 21. Rad1 Rhe8 22. Rd2 Rad8 23. Rfd1 Be7 24. Kf1 b6 25. Kg1 Bc5 26. e4 Be6 27. a4 Bxf2+ 28. Kxf2 Rd7 29. axb5+ Kc5 30. Rd4 Red8 31. exd5 Bxd5 32. Bxc4 1-0

[Event "10th Beirut Open-ch 2019"]
[Site "Beirut"]
[Date "2019.04.30"]
[Round "5.11"]
[White "Novikova, Margarita"]
[Black "Ghnatios, Ralph"]
[Result "1-0"]
[ECO "B26"]
[WhiteElo "2032"]
[BlackElo "1838"]
[PlyCount "71"]
[EventDate "2019.04.25"]
[EventType "swiss"]
[EventRounds "9"]
[EventCountry "LBN"]
[TimeControl "5400+30"]

1. e4 c5 2. Nc3 g6 3. d3 Bg7 4. Be3 d6 5. g3 Nc6 6. Bg2 Nf6 7. h3 O-O 8. Qd2 Re8 9. Nge2 Rb8 10. a4 a6 11. f4 Bd7 12. g4 b5 13. axb5 axb5 14. Ng3 Nd4 15. e5 dxe5 16. fxe5 Nxg4 17. hxg4 Bxe5 18. Bxd4 cxd4 19. Nce2 Bxg4 20. Qh6 Qc7 21. Qxh7+ Kf8 22. O-O e6 23. Qxg6 Bxe2 24. Nxe2 Re7 25. Qh6+ Ke8 26. Qh5 Kd8 27. Qh4 Kd7 28. Nxd4 Rh8 29. Qe4 f5 30. Qc6+ Qxc6 31. Nxc6 Bh2+ 32. Kf2 Ree8 33. Ra7+ Kd6 34. Ra6 Kc7 35. Nd4 Bd6 36. Nxb5+ 1-0

[Event "10th Beirut Open-ch 2019"]
[Site "Beirut"]
[Date "2019.04.30"]
[Round "5.12"]
[White "Al Salman, Mohamad"]
[Black "Haidar, Wassim"]
[Result "1-0"]
[ECO "E12"]
[WhiteElo "1958"]
[BlackElo "1707"]
[PlyCount "115"]
[EventDate "2019.04.25"]
[EventType "swiss"]
[EventRounds "9"]
[EventCountry "LBN"]
[TimeControl "5400+30"]

1. d4 Nf6 2. Nf3 b6 3. c4 e6 4. Bg5 Be7 5. Nc3 Bb7 6. Qc2 d5 7. cxd5 exd5 8. e3 Nbd7 9. Bb5 O-O 10. O-O a6 11. Ba4 Rc8 12. Rfd1 Nh5 13. Qf5 Nhf6 14. Ne5 c6 15. Nxd5 cxd5 16. Nxd7 Nxd7 17. Bxe7 Qxe7 18. Qxd7 Qxd7 19. Bxd7 Rc2 20. Rdc1 Rxb2 21. Rc7 Rb8 22. Rac1 g6 23. a4 b5 24. axb5 axb5 25. R7c5 Ba6 26. Bc6 b4 27. Bxd5 Bd3 28. Bc4 Bxc4 29. R5xc4 Kg7 30. R4c2 Rb3 31. g4 Kh6 32. Kg2 Rd3 33. Rb2 b3 34. Kf3 Re8 35. Rcb1 Rb8 36. Ke2 Rc3 37. Kd2 Rbc8 38. Rxb3 Rc2+ 39. Ke1 Kg5 40. h3 Kh4 41. e4 R2c3 42. Kd2 Rc2+ 43. Ke3 R8c3+ 44. Rxc3 Rxc3+ 45. Kf4 g5+ 46. Ke5 Rxh3 47. d5 Rd3 48. Rh1+ Kxg4 49. Rxh7 Rf3 50. Rh2 Rd3 51. Rg2+ Kh4 52. Kf6 Rf3+ 53. Ke7 g4 54. d6 Kh3 55. Rg3+ Rxg3 56. fxg3 Kxg3 57. d7 Kh2 58. d8=Q 1-0

[Event "10th Beirut Open-ch 2019"]
[Site "Beirut"]
[Date "2019.04.30"]
[Round "5.13"]
[White "Slim, Nadim"]
[Black "Hariri, Nizar"]
[Result "0-1"]
[ECO "C11"]
[WhiteElo "1781"]
[BlackElo "1958"]
[PlyCount "82"]
[EventDate "2019.04.25"]
[EventType "swiss"]
[EventRounds "9"]
[EventCountry "LBN"]
[TimeControl "5400+30"]

1. e4 e6 2. d4 d5 3. Nc3 Nf6 4. e5 Nfd7 5. Nce2 c5 6. c3 Nc6 7. f4 a6 8. Nf3 b5 9. g3 Qb6 10. Bg2 cxd4 11. Nexd4 Nxd4 12. cxd4 Be7 13. O-O a5 14. Be3 Ba6 15. Rc1 b4 16. Rf2 O-O 17. b3 Rac8 18. Rfc2 Nb8 19. Rxc8 Rxc8 20. Rxc8+ Bxc8 21. Qc2 Ba6 22. Bf1 Bxf1 23. Kxf1 Qc6 24. Ne1 Qxc2 25. Nxc2 Nc6 26. Ke2 Na7 27. Bc1 Nb5 28. Bb2 f5 29. exf6 Bxf6 30. g4 h6 31. Ke3 Bh4 32. a3 bxa3 33. Nxa3 Nxa3 34. Bxa3 Be1 35. Bc1 Kf7 36. Bd2 Bxd2+ 37. Kxd2 Kf6 38. h4 h5 39. g5+ Kf5 40. Ke3 Kg4 41. g6 Kg3 0-1

[Event "10th Beirut Open-ch 2019"]
[Site "Beirut"]
[Date "2019.04.30"]
[Round "5.14"]
[White "Khechen, Nabil E"]
[Black "Salman, Samer"]
[Result "0-1"]
[ECO "C68"]
[WhiteElo "1933"]
[BlackElo "1505"]
[PlyCount "96"]
[EventDate "2019.04.25"]
[EventType "swiss"]
[EventRounds "9"]
[EventCountry "LBN"]
[TimeControl "5400+30"]

1. e4 e5 2. Nf3 Nc6 3. Bb5 a6 4. Bxc6 dxc6 5. O-O Bd6 6. d4 exd4 7. Qxd4 f6 8. Be3 Be6 9. Nbd2 Ne7 10. Qc3 O-O 11. Rad1 Qe8 12. e5 fxe5 13. Nxe5 Qh5 14. Nef3 Bd5 15. h3 Nf5 16. Rfe1 Nh4 17. Nxh4 Qxh4 18. Qd4 Qh5 19. c4 Be6 20. Qc3 Qg6 21. Bd4 Rae8 22. Nf1 c5 23. Be3 Bxh3 24. Bg5 Bxg2 25. Rxe8 Rxe8 26. f4 Bxf1 27. Kxf1 Qe4 28. Qd3 Bxf4 29. Bxf4 Qxf4+ 30. Kg1 Qe3+ 31. Qxe3 Rxe3 32. Rd7 b6 33. Rxc7 Re6 34. Kf2 h5 35. Kf3 Kh7 36. Kf4 h4 37. Rd7 h3 38. Kg3 Rh6 39. Kh2 Kg6 40. Rd5 Kf6 41. a4 a5 42. b4 axb4 43. a5 Ke7 44. axb6 Rxb6 45. Rxc5 b3 46. Re5+ Kd6 47. Re1 b2 48. Rb1 Kc5 0-1

[Event "10th Beirut Open-ch 2019"]
[Site "Beirut"]
[Date "2019.04.30"]
[Round "5.15"]
[White "Hanna, Elie"]
[Black "Nassar, Marc"]
[Result "1-0"]
[ECO "A56"]
[WhiteElo "1726"]
[BlackElo "1909"]
[PlyCount "85"]
[EventDate "2019.04.25"]
[EventType "swiss"]
[EventRounds "9"]
[EventCountry "LBN"]
[TimeControl "5400+30"]

1. d4 c5 2. d5 Nf6 3. c4 e5 4. Nc3 d6 5. e4 Be7 6. Bd3 a6 7. Nge2 Nh5 8. g3 Bg4 9. Qc2 Bf3 10. Rg1 Bg5 11. h4 Bxc1 12. Qxc1 Nf6 13. Qe3 Bxe2 14. Bxe2 Nbd7 15. f4 h6 16. f5 Nh7 17. Qf2 b6 18. g4 f6 19. Bd1 Ke7 20. Ba4 Rb8 21. Bc6 b5 22. cxb5 axb5 23. Bxb5 Qa5 24. Qe2 Nb6 25. Rg3 Nc8 26. O-O-O Na7 27. Bc4 Rb7 28. Nb1 Rhb8 29. Ra3 Qc7 30. Rd2 Kf8 31. Nc3 Kg8 32. Nd1 Nf8 33. g5 Qf7 34. gxh6 g6 35. Rg3 Kh7 36. Qe3 Qe8 37. Qg1 Qa4 38. Rc2 Nb5 39. fxg6+ Kg8 40. h7+ Kg7 41. h5 Nd4 42. h6+ Kxh6 43. h8=Q+ 1-0

[Event "10th Beirut Open-ch 2019"]
[Site "Beirut"]
[Date "2019.04.30"]
[Round "5.16"]
[White "Khoder, Akram"]
[Black "Attieh, Wael"]
[Result "1-0"]
[ECO "A25"]
[WhiteElo "1608"]
[BlackElo "1823"]
[PlyCount "83"]
[EventDate "2019.04.25"]
[EventType "swiss"]
[EventRounds "9"]
[EventCountry "LBN"]
[TimeControl "5400+30"]

1. c4 e5 2. g3 Nf6 3. Bg2 Nc6 4. Nc3 d6 5. e3 Be7 6. Nge2 O-O 7. O-O Re8 8. d3 Be6 9. Qb3 Rb8 10. Bd2 Qd7 11. Nd5 Nd8 12. Nec3 c6 13. Nxf6+ Bxf6 14. Qa3 b6 15. Rac1 Be7 16. Qa6 Qb7 17. Qa4 a5 18. d4 exd4 19. exd4 Bd7 20. Rfe1 Qc8 21. d5 c5 22. Nb5 f6 23. b3 Nf7 24. f4 Bh3 25. Bxh3 Qxh3 26. Nc7 Rf8 27. Rxe7 Nh6 28. Qd7 Nf5 29. Rxg7+ Kh8 30. Ne6 Rg8 31. Bc3 Nxg7 32. Bxf6 Qh6 33. Qf7 Qg6 34. Bxg7+ Rxg7 35. Qxg7+ Qxg7 36. Nxg7 Kxg7 37. a4 Re8 38. Kf2 Re4 39. Rd1 Kf6 40. Kf3 Re7 41. Rd3 Re1 42. Re3 1-0

[Event "10th Beirut Open-ch 2019"]
[Site "Beirut"]
[Date "2019.04.30"]
[Round "5.17"]
[White "Habash, Mohamad"]
[Black "Salameh, Sleiman"]
[Result "1/2-1/2"]
[ECO "E81"]
[WhiteElo "1806"]
[BlackElo "1621"]
[PlyCount "81"]
[EventDate "2019.04.25"]
[EventType "swiss"]
[EventRounds "9"]
[EventCountry "LBN"]
[TimeControl "5400+30"]

1. d4 Nf6 2. c4 c6 3. Nc3 d6 4. e4 g6 5. f3 Bg7 6. Bg5 O-O 7. Qd2 Re8 8. Nge2 Nbd7 9. O-O-O Qa5 10. Ng3 a6 11. h4 h5 12. Kb1 b5 13. Nd5 Qd8 14. Nxf6+ Nxf6 15. c5 dxc5 16. dxc5 Qxd2 17. Rxd2 Be6 18. Be2 Nd7 19. Be3 Ne5 20. b3 a5 21. Rhd1 a4 22. b4 Nc4 23. Bxc4 Bxc4 24. Bd4 Bh6 25. Rf2 Red8 26. f4 a3 27. Rdd2 Bxf4 28. Rxf4 e5 29. Rf6 Rxd4 30. Rxd4 exd4 31. Rxc6 Ra4 32. Rd6 Rxb4+ 33. Kc1 Bxa2 34. Ne2 Rb1+ 35. Kc2 Rb2+ 36. Kc1 Rxe2 37. c6 Be6 38. Rxe6 fxe6 39. c7 a2 40. c8=Q+ Kf7 41. Qd7+ 1/2-1/2

[Event "10th Beirut Open-ch 2019"]
[Site "Beirut"]
[Date "2019.04.30"]
[Round "5.18"]
[White "Kabalan, Farah"]
[Black "Moughames, Ronald"]
[Result "0-1"]
[ECO "B34"]
[WhiteElo "1602"]
[BlackElo "1721"]
[PlyCount "82"]
[EventDate "2019.04.25"]
[EventType "swiss"]
[EventRounds "9"]
[EventCountry "LBN"]
[TimeControl "5400+30"]

1. e4 c5 2. Nf3 Nc6 3. d4 cxd4 4. Nxd4 g6 5. Nc3 Bg7 6. Be3 Nf6 7. Nxc6 bxc6 8. e5 Nd5 9. Nxd5 cxd5 10. Qxd5 Rb8 11. Bc4 O-O 12. O-O-O Qc7 13. Bb3 Bxe5 14. Bxa7 Bxb2+ 15. Kxb2 Qxa7 16. h4 d6 17. Qf3 h5 18. Qf4 Kg7 19. Rhe1 Be6 20. Kc1 Qa3+ 21. Kd2 Rfc8 22. Qd4+ Kg8 23. Re3 Bxb3 24. axb3 e5 25. Qa4 Qc5 26. c4 Ra8 27. Qd7 Rc7 28. Qh3 Qd4+ 29. Ke1 Ra1 30. Red3 Qe4+ 31. Kf1 Ra2 32. Rxd6 Qe2+ 33. Kg1 Qxf2+ 34. Kh1 Re2 35. R6d3 e4 36. Rg3 Kg7 37. Kh2 Qf4 38. Kh1 Rf2 39. Rxg6+ fxg6 40. Rd7+ Rxd7 41. Qxd7+ Kh6 0-1

[Event "10th Beirut Open-ch 2019"]
[Site "Beirut"]
[Date "2019.04.30"]
[Round "5.19"]
[White "Arkadan, Adib"]
[Black "Bedrosian, Danielle"]
[Result "0-1"]
[ECO "B00"]
[WhiteElo "1686"]
[BlackElo "1676"]
[PlyCount "120"]
[EventDate "2019.04.25"]
[EventType "swiss"]
[EventRounds "9"]
[EventCountry "LBN"]
[TimeControl "5400+30"]

1. e4 b6 2. d4 Bb7 3. Nc3 g6 4. Nf3 Bg7 5. h4 h6 6. Bd3 d6 7. Be3 Nd7 8. Qd2 Ngf6 9. O-O-O Ng4 10. Kb1 Nxe3 11. Qxe3 O-O 12. g4 Qc8 13. Nd2 c5 14. d5 Ne5 15. f3 Nxd3 16. cxd3 Ba6 17. Ne2 Qd7 18. Nc1 Qb5 19. Nc4 Qa4 20. Qe2 Qd7 21. f4 Qc7 22. h5 b5 23. Ne3 c4 24. g5 hxg5 25. fxg5 Qc5 26. Rh3 Rac8 27. Rdh1 Qd4 28. Nd1 b4 29. Qe3 Qe5 30. Qg3 cxd3 31. Qxe5 Bxe5 32. Nxd3 Bxd3+ 33. Rxd3 Rc4 34. Nf2 Rfc8 35. Rdd1 a5 36. Nd3 Rxe4 37. Rc1 Rxc1+ 38. Rxc1 gxh5 39. Rc8+ Kg7 40. Re8 Rd4 41. Nxe5 dxe5 42. Rxe7 Rxd5 43. Kc2 h4 44. Rc7 h3 45. Kb3 e4 46. Rc2 Rxg5 47. Rh2 f5 48. Rxh3 f4 49. Kc2 f3 50. Kd2 Rg2+ 51. Ke1 Rxb2 52. Rh4 Re2+ 53. Kf1 a4 54. Rh5 Rxa2 55. Re5 Re2 56. Rb5 b3 57. Rb7+ Kf6 58. Rb6+ Kf5 59. Rb5+ Kf4 60. Rb7 b2 0-1

[Event "10th Beirut Open-ch 2019"]
[Site "Beirut"]
[Date "2019.04.30"]
[Round "5.20"]
[White "Djikerian, Rafi"]
[Black "Al Azmi, Khalaf"]
[Result "0-1"]
[ECO "C55"]
[WhiteElo "1833"]
[BlackElo "1740"]
[PlyCount "94"]
[EventDate "2019.04.25"]
[EventType "swiss"]
[EventRounds "9"]
[EventCountry "LBN"]
[TimeControl "5400+30"]

1. e4 e5 2. Bc4 Nf6 3. Nf3 Nc6 4. d3 Be7 5. O-O d6 6. c3 a6 7. b4 O-O 8. h3 Be6 9. Bxe6 fxe6 10. Ng5 Qd7 11. Qb3 Nd8 12. f4 h6 13. Nf3 exf4 14. Nd4 Kh8 15. Nd2 Nh5 16. Ne2 e5 17. Nf3 g5 18. Nh2 Nf6 19. Qc2 Rg8 20. d4 g4 21. h4 Nh5 22. c4 Bxh4 23. dxe5 dxe5 24. Bb2 Bf6 25. Rad1 Qe6 26. Rd5 f3 27. Nc1 Nf4 28. g3 Nxd5 29. exd5 Qf7 30. Qe4 Qg6 31. Qe3 Nf7 32. Nd3 Qg5 33. Qf2 e4 34. Bc1 Qf5 35. Nf4 Ng5 36. Be3 Rae8 37. Qd2 Be5 38. Bd4 Bxd4+ 39. Qxd4+ Qe5 40. Qe3 h5 41. Rd1 Nf7 42. Kf2 Nd6 43. Ne6 Nf5 44. Qf4 e3+ 45. Kg1 Qxf4 46. gxf4 e2 47. Re1 Nh4 0-1

[Event "10th Beirut Open-ch 2019"]
[Site "Beirut"]
[Date "2019.04.30"]
[Round "5.21"]
[White "Berbari, Imad"]
[Black "Al Onizan, Fahad M"]
[Result "1-0"]
[ECO "B07"]
[WhiteElo "1666"]
[BlackElo "1822"]
[PlyCount "57"]
[EventDate "2019.04.25"]
[EventType "swiss"]
[EventRounds "9"]
[EventCountry "LBN"]
[TimeControl "5400+30"]

1. e4 d6 2. d4 Nf6 3. Nc3 g6 4. Bf4 Bg7 5. Qd2 c6 6. O-O-O b5 7. f3 b4 8. Na4 h5 9. Qxb4 Nbd7 10. Bc4 Rb8 11. Qd2 Nb6 12. Nxb6 Qxb6 13. Bb3 a5 14. Qc3 Nd7 15. e5 dxe5 16. dxe5 e6 17. Nh3 O-O 18. Ng5 Nc5 19. Rd6 Ba6 20. Be3 Nxb3+ 21. axb3 Qb5 22. f4 Rbc8 23. Bc5 Rc7 24. Rhd1 Re8 25. Rd8 Rc8 26. R8d7 Bf8 27. Bxf8 Rxf8 28. Qg3 Qb6 29. Nxf7 1-0

[Event "10th Beirut Open-ch 2019"]
[Site "Beirut"]
[Date "2019.04.30"]
[Round "5.22"]
[White "Eid, Wissam"]
[Black "Hasan Ali Prince"]
[Result "0-1"]
[ECO "B90"]
[WhiteElo "1568"]
[BlackElo "1854"]
[PlyCount "124"]
[EventDate "2019.04.25"]
[EventType "swiss"]
[EventRounds "9"]
[EventCountry "LBN"]
[TimeControl "5400+30"]

1. e4 c5 2. Nf3 d6 3. d4 cxd4 4. Nxd4 Nf6 5. Nc3 a6 6. f3 e5 7. Nb3 Be6 8. Bg5 Be7 9. Qd2 Nbd7 10. O-O-O Rc8 11. Kb1 Qc7 12. f4 exf4 13. Bxf4 Ne5 14. Nd4 Bg4 15. Re1 O-O 16. h3 Bd7 17. g4 b5 18. g5 b4 19. Nd1 Nh5 20. Bh2 g6 21. h4 a5 22. Ne3 Bc6 23. Nxc6 Qxc6 24. Nd5 Rfe8 25. Be2 Ng7 26. b3 Ne6 27. Rhg1 Qc5 28. Bd1 Kg7 29. Ref1 Nc7 30. h5 Nxd5 31. exd5 Qc3 32. Bxe5+ Qxe5 33. hxg6 fxg6 34. Qg2 Rf8 35. Re1 Qxg5 36. Qxg5 Bxg5 37. Rxg5 h6 38. Rg2 Rce8 39. Reg1 g5 40. Bg4 Re5 41. Be6 Kg6 42. Kc1 Rf4 43. Kd2 Rd4+ 44. Kc1 h5 45. Rd2 Rde4 46. Kb2 g4 47. a3 Kg5 48. Rf2 h4 49. Rgf1 h3 50. Rf5+ Rxf5 51. Bxf5 Rf4 52. Bd3 h2 53. Rh1 g3 54. Be2 g2 55. Rxh2 g1=Q 56. Rh5+ Kf6 57. Bd3 Qd4+ 58. Ka2 Rh4 59. Rf5+ Ke7 60. Rf1 Rg4 61. Re1+ Kd8 62. Rf1 Rg1 0-1

[Event "10th Beirut Open-ch 2019"]
[Site "Beirut"]
[Date "2019.04.30"]
[Round "5.23"]
[White "Terzian, Kevork"]
[Black "Tarraf, Tarraf"]
[Result "1-0"]
[ECO "A07"]
[WhiteElo "1731"]
[BlackElo "1647"]
[PlyCount "91"]
[EventDate "2019.04.25"]
[EventType "swiss"]
[EventRounds "9"]
[EventCountry "LBN"]
[TimeControl "5400+30"]

1. Nf3 d5 2. d3 g6 3. g3 Bg7 4. Bg2 Nf6 5. Nbd2 O-O 6. O-O c6 7. e4 Bg4 8. h3 Bxf3 9. Qxf3 e6 10. Re1 Nbd7 11. e5 Ne8 12. d4 c5 13. c3 Qb6 14. Nb3 a5 15. Be3 c4 16. Nd2 a4 17. Rab1 Qc6 18. Qg4 Bh8 19. Bg5 Ng7 20. Qe2 b5 21. g4 Rae8 22. Qf3 Rb8 23. h4 h5 24. Bh6 hxg4 25. Qxg4 Kh7 26. Bxg7 Bxg7 27. Nf3 Rh8 28. h5 Nf8 29. Re3 Kg8 30. hxg6 Nxg6 31. Kf1 Kf8 32. Ke2 Bh6 33. Ng5 Ke7 34. Rf3 Rbf8 35. Nxf7 Rxf7 36. Qxg6 Rxf3 37. Bxf3 Qe8 38. Qf6+ Kd7 39. Rh1 Qf8 40. Qxf8 Rxf8 41. Rxh6 a3 42. bxa3 Ra8 43. Bg4 Rxa3 44. Bxe6+ Ke7 45. Bxd5 Rxc3 46. Rh7+ 1-0

[Event "10th Beirut Open-ch 2019"]
[Site "Beirut"]
[Date "2019.04.30"]
[Round "5.24"]
[White "Jabr, Bernard"]
[Black "Sharbel, Marwan"]
[Result "0-1"]
[ECO "D03"]
[WhiteElo "1679"]
[BlackElo "1973"]
[PlyCount "66"]
[EventDate "2019.04.25"]
[EventType "swiss"]
[EventRounds "9"]
[EventCountry "LBN"]
[TimeControl "5400+30"]

1. d4 d5 2. Nf3 Nf6 3. Bg5 Ne4 4. Bf4 e6 5. e3 Nd7 6. Bd3 Ndf6 7. Nbd2 Bd6 8. Ne5 O-O 9. O-O Nxd2 10. Qxd2 Nh5 11. c3 Nxf4 12. exf4 Qh4 13. g3 Qh3 14. Nf3 h6 15. Ne5 Bxe5 16. fxe5 f6 17. f4 f5 18. Rf2 Bd7 19. Be2 Be8 20. Qd1 h5 21. Bf1 Qg4 22. Qxg4 hxg4 23. h3 gxh3 24. Bxh3 Kf7 25. Rh2 Rh8 26. Kg2 Bb5 27. Rah1 Rh6 28. g4 Bd3 29. g5 Rh4 30. Kg3 Rah8 31. g6+ Ke7 32. Rd1 Be4 33. Rdd2 R4h6 0-1